 Dungeon Crawl Stone Soup version 0.32-a0-673-g3729bd50f8 (webtiles) character file.

Game seed: 11396516025695470164

58 Ruich the Caller (level 4, -3/24 HPs)
             Began as a Tengu Summoner on Mar 10, 2024.
             Slain by Crazy Yiuf
             ... wielding a +2 quarterstaff of chaos
              (11 damage)
             ... on level 2 of the Dungeon.
             The game lasted 00:04:15 (2599 turns).

Ruich the Caller (Tengu Summoner)                   Turns: 2599, Time: 00:04:15

Health: -3/24      AC:  2    Str:  8    XL:     4   Next: 2%
Magic:  2/9        EV: 12    Int: 18    God:
Gold:   100        SH:  0    Dex: 14    Spells: 4/8 levels left

rFire   . . .        f - +0 dagger
rCold   . . .        (no shield)
rNeg    . . .        a - +0 robe
rPois   .            (helmet restricted)
rElec   .            (no cloak)
rCorr   .            (no gloves)
SInv    .            (boots unavailable)
Will    .....        (no amulet)
Stlth   ++           (no ring)
HPRegen 0.24/turn    (no ring)
MPRegen 0.11/turn

%: acrobat
@: inugami summoned
A: beak, talons 3, acrobatic
a: no special abilities


You were on level 2 of the Dungeon.
You visited 1 branch of the dungeon, and saw 2 of its levels.

You collected 100 gold pieces.


Innate Abilities, Weirdness & Mutations

You have a beak for a mouth.
You have claws for feet.
You can magically evade attacks while moving or waiting.


   Skills:
 - Level 2.3 Dodging
 - Level 2.2 Stealth
 + Level 2.7 Spellcasting
 * Level 5.8 Summonings


You had 4 spell levels left.
You knew the following spells:

 Your Spells              Type           Power      Damage    Failure   Level
c - Call Canine Familiar  Summ           23%        N/A       4%          3
z - Summon Small Mammal   Summ           92%        N/A       1%          1

Your spell library contained the following spells:

 Spells                   Type           Power      Damage    Failure   Level
 Call Imp                 Summ           46%        N/A       2%          2
 Dazzling Flash           Conj/Hex       4%         N/A       45%         3
 Frozen Ramparts          Ice            4%         1d1       45%         3
 Mephitic Cloud           Conj/Alch/Air  2%         N/A       45%         3
 Summon Blazeheart Golem  Fire/Summ      13%        N/A       45%         4
 Summon Lightning Spire   Summ/Air       13%        N/A       45%         4
 Leda's Liquefaction      Alch/Erth      1%         N/A       86%         4
 Petrify                  Alch/Erth      2%         N/A       86%         4
 Curse of Agony           Necr           2%         N/A       99%         5
 Metabolic Englaciation   Hex/Ice        1%         N/A       99%         5
 Silence                  Hex/Air        1%         N/A       99%         5

Inventory:

Hand Weapons
 f - a +0 dagger (weapon)
Missiles
 k - a throwing net {=f}
Armour
 a - a +0 robe (worn)
Scrolls
 c - 4 scrolls of teleportation {unknown}
 d - a scroll of fog {unknown}
 g - a scroll of revelation {unknown}
 h - a scroll of identify {unknown}
 j - a scroll of vulnerability {unknown}
 l - 3 scrolls of poison {unknown}
 m - a scroll of amnesia {unknown}
Potions
 b - a potion of magic
 e - 2 potions of mutation {unknown}
 i - a potion of enlightenment {unknown}

Dungeon Overview and Level Annotations

Branches:
Dungeon (2/15) Zot: 9395

Altars:

Annotations:
D:2 Crazy Yiuf

...# #......##.#.#
#..........### .).#
#......##.#.#
#..........# ...#
#......##.#÷#
#..........# ####
#......##.#.#
#..........#
#......##.#.#
#..........#
#......##.#.#
######+#'###
#..<...##.#.#
#.#.####
#.#######.#.#
#.#....#
#.#######.#@##
#.#.##.##
#.........rg)#
#.#.##..#
######...#####)h))#
#.#.###.#
#........'.# #))))#
#.#.###.#
#.####...### ♣))PP♣
#.#..##.# #.# #...#
♣.PP♣♣ #......>#
#.# #...# ♣♣.♣♣
######### #.# #...#
♣.♣♣ #.# ##### ♣♣.♣


You could see Crazy Yiuf (ally target), a friendly quokka (summoned) and a
friendly inugami (summoned).


Message History

Confirm with . or Enter, or press ? or * to list all spells.
Crazy Yiuf says, "Lugonu!"
You see here a +0 hammer.
Crazy Yiuf hits your rat with a +2 quarterstaff of chaos!
Crazy Yiuf burns your rat.
Your rat dies!
Your rat's corpse disappears in a puff of smoke!
You see here a +0 hammer.
Casting: Summon Small Mammal (safe; 1% risk of failure)
Confirm with . or Enter, or press ? or * to list all spells.
You hit Crazy Yiuf.
Crazy Yiuf is lightly wounded.
Crazy Yiuf barely misses you.
You hit Crazy Yiuf but do no damage. You claw Crazy Yiuf.
Crazy Yiuf is lightly wounded.
Your familiar recovers from its injuries.
Your quokka bites Crazy Yiuf but does no damage.
Crazy Yiuf barely misses you.
Casting: Summon Small Mammal (safe; 1% risk of failure)
Confirm with . or Enter, or press ? or * to list all spells.
You call for your canine familiar and it appears with a howl!
Crazy Yiuf hits you with a +2 quarterstaff of chaos!
Ouch! That really hurt!
* * * LOW HITPOINT WARNING * * *
Crazy Yiuf burns you.
* * * LOW HITPOINT WARNING * * *
You closely miss Crazy Yiuf.
Crazy Yiuf is lightly wounded.
Crazy Yiuf hits you with a +2 quarterstaff of chaos!
You die...

Skill      XL: |  1  2 |
---------------+-------+-----
Summonings     | 5 |  5.8
Dodging        | |  2.3
Stealth        | |  2.2
Spellcasting   | |  2.7

Action                     |  1- 3 |  4- 6 || total
---------------------------+-------+-------++-------
  Melee: Dagger            |    30 |     5 ||    35
         Peck              |     2 |       ||     2
         Kick              |     1 |     2 ||     3
   Cast: Summon Small Mamm |    51 |     4 ||    55
         Call Canine Famil |     3 |     2 ||     5
   Stab: Distracted        |     2 |       ||     2
         Sleeping          |     2 |       ||     2
 Armour: Robe              |     9 |     2 ||    11
  Dodge: Dodged            |    39 |     4 ||    43

Levels and vault maps discovered:
D:1:      dpeg_arrival_castle, layout_basic
D:2:      layout_basic, uniq_crazy_yiuf_cottage

Notes
Turn   | Place    | Note
-------+----------+-------------------------------------------
     0 | D:1      | Ruich the Tengu Summoner began the quest for the Orb.
     0 | D:1      | Reached XP level 1. HP: 10/10 MP: 4/4
   263 | D:1      | Reached XP level 2. HP: 15/15 MP: 3/6
   419 | D:1      | Reached skill level 5 in Summonings
   731 | D:1      | Reached XP level 3. HP: 19/19 MP: 4/7
  1440 | D:1      | Learned a level 3 spell: Call Canine Familiar
  1498 | D:2      | Identified the +4 hammer of Instinct {heavy, rF+ rN+ Str+3
                  | SInv}
  1502 | D:2      | Found a runed translucent door.
  1503 | D:2      | Noticed Crazy Yiuf
  2291 | D:2      | Reached XP level 4. HP: 24/24 MP: 9/9
  2599 | D:2      | Slain by Crazy Yiuf

Vanquished Creatures
  2 ribbon worms (D:2)
  3 giant cockroaches
  A hobgoblin (D:1)
  A quokka (D:1)
  A ball python (D:1)
  A frilled lizard (D:1)
  A kobold (D:1)
  2 rats
12 creatures vanquished.

Vanquished Creatures (collateral kills)
  An adder (D:2)
  A dart slug (D:2)
  4 ball pythons
  An endoplasm (D:1)
  A giant cockroach (D:1)
  2 hobgoblins
  2 kobolds (D:1)
  2 quokkas (D:1)
  2 bats (D:1)
  A frilled lizard (D:2)
  7 goblins
  5 rats
29 creatures vanquished.

Grand Total: 41 creatures vanquished

Table legend: (Time is in decaauts)
 A = Elapsed time spent in this place.
 B = Non-inter-level travel time spent in this place.
 C = Inter-level travel time spent in this place.
 D = Time resting spent in this place.
 E = Time spent auto-exploring this place.
 F = Levels seen in this place.
 G = Mean time per level.
                   A        B        C        D        E       F      G
               +--------+--------+--------+--------+--------+-----+--------+
         Total |   2603 |   2570 |     33 |    701 |   1383 |   2 | 1301.5 |
       Dungeon |   2603 |   2570 |     33 |    701 |   1383 |   2 | 1301.5 |
               +--------+--------+--------+--------+--------+-----+--------+

Top non-repeatable levels by time:
     D:1: 1449 daAuts
     D:2: 1153 daAuts

Table legend:
 A = Non-vault XP
 B = Vault XP
 C = Vault XP percentage of total XP
 D = Non-vault monster count
 E = Vault monster count
 F = Vault count percentage of total count
                 A         B        C        D         E       F
            +---------+---------+-------+---------+---------+-------
      Total |      84 |       0 |   0.0 |      41 |       0 |   0.0
            +---------+---------+-------+---------+---------+-------
        D:1 |      48 |       0 |   0.0 |      30 |       0 |   0.0
        D:2 |      36 |       0 |   0.0 |      11 |       0 |   0.0
            +---------+---------+-------+---------+---------+-------
